 Dungeon Crawl Stone Soup version 0.20.0-4-g10b340a (webtiles) character file.

19114 Monsterracer the Cleaver (level 12, -12/109 HPs)
             Began as a Deep Dwarf Fighter on May 27, 2017.
             Was an Elder of Elyvilon.
             Killed from afar by a wretched star (34 damage)
             ... with an orb of energy
             ... on level 1 of the Abyss.
             The game lasted 00:46:34 (11745 turns).

Monsterracer the Cleaver (Deep Dwarf Fighter)      Turns: 11745, Time: 00:46:35

Health: -12/109    AC: 15    Str: 25    XL:     12   Next: 33%
Magic:  17/17      EV: 18    Int:  8    God:    Elyvilon [****..]
Gold:   867        SH:  0    Dex: 19    Spells: 9/11 levels left

rFire    . . .     SeeInvis .   a - +3 battleaxe
rCold    . . .     Gourm    +   (shield currently unavailable)
rNeg     . . .     Faith    .   O - +0 acid dragon scales
rPois    +         Spirit   .   s - +2 helmet
rElec    .         Reflect  .   (no cloak)
rCorr    +         Harm     .   v - +2 pair of gloves {Dex+3}
MR       +....                  (no boots)
Stlth    +.........             G - amulet of the gourmand
Regen    0.0/turn               o - +3 ring of strength
MPRegen  0.2/turn               I - ring of poison resistance

@: lethally poisoned (-12 -> -12), non-regenerating
A: damage resistance, heal wounds, low mp 1, sense surroundings 2, wild magic 1,
no regeneration
a: Heal Wounds, Lesser Healing, Heal Other, Purification, Greater Healing,
Divine Protection, Renounce Religion


You were on level 1 of the Abyss.
You worshipped Elyvilon.
Elyvilon was greatly pleased with you.
You were not hungry.

You visited 2 branches of the dungeon, and saw 13 of its levels.
You visited the Abyss 1 time.
You also visited: Ossuary and Ice Cave.

You collected 1258 gold pieces.
You spent 391 gold pieces at shops.

Inventory:

Hand Weapons
 a - a +3 battleaxe (weapon)
 b - the +4 hunting sling "Unoedd" {venom, MP+9}
   (You found it on level 8 of the Dungeon)

   It poisons the ammo it fires.
   It affects your magic capacity (+9).
 K - a +2 scimitar of flaming
Missiles
 H - 182 sling bullets
Armour
 s - a +2 helmet (worn)
 v - a +2 pair of gloves of dexterity (worn)
 O - +0 acid dragon scales (worn)
Jewellery
 c - an uncursed ring of fire
 n - an uncursed ring of ice
 o - a +3 ring of strength (left hand)
 G - an amulet of the gourmand (around neck)
 I - a ring of poison resistance (right hand)
Wands
 d - a wand of flame (21/48)
 m - a wand of confusion (36/48)
 A - a wand of flame (33/48)
 E - a wand of confusion (32/48)
 N - a wand of disintegration (15/24)
Scrolls
 e - 4 scrolls of amnesia
 g - 10 scrolls of identify
 h - 2 scrolls of magic mapping
 k - 2 scrolls of immolation
 r - 5 scrolls of teleportation
 w - 4 scrolls of recharging
 y - a scroll of fear
 z - 5 scrolls of enchant weapon
 F - 2 scrolls of remove curse
 J - a scroll of blinking
 L - a scroll of enchant armour
 M - a scroll of fog
Potions
 j - a potion of haste
 l - 2 potions of invisibility
 p - 6 potions of curing
 t - 2 potions of flight
 B - a potion of might
 C - 2 potions of mutation
Comestibles
 f - 15 bread rations
 i - 6 meat rations
 q - a fruit
 u - 6 royal jellies


   Skills:
 + Level 7.3 Fighting
 * Level 12.9 Axes
 - Level 5.3 Slings
 + Level 8.8 Armour
 + Level 8.4 Dodging
   Level 4.0 Shields
 - Level 4.1 Translocations
 + Level 9.5 Invocations
 - Level 5.0 Evocations


You had 9 spell levels left.
You knew the following spells:

 Your Spells              Type           Power        Failure   Level  Hunger
a - Blink                 Tloc           N/A          21%         2    ###....


Dungeon Overview and Level Annotations

Branches:
Dungeon (11/15)            Temple (0/1) D:5            Lair (2/6) D:11
    Orc (0/2) D:10
  Swamp: Lair:2-4    Shoals: Lair:2-4     Snake: Lair:2-4    Spider: Lair:2-4

Altars:
Cheibriados
Elyvilon
Gozag
Hepliaklqana
Makhleb
Nemelex Xobeh
Ru
Sif Muna
Trog
Uskayaw
Yredelemnul
Zin

Shops:
D:4 [

Annotations:
Lair:2 Sonja


Innate Abilities, Weirdness & Mutations

You are resistant to damage.
You can heal yourself by infusing magical energy.
You passively map the area around you.
You do not regenerate.
Your magical capacity is low. (-10% MP)
Your spells are a little harder to cast, but a little more powerful.


Message History

The orb of energy misses you.
You feel yourself speed up.
The wretched star glows turbulently.
The orb of energy hits you!
* * * LOW HITPOINT WARNING * * *
The orb of energy explodes!
You feel much better.
The wretched star glows turbulently.
The orb of energy misses you.
You hit the wretched star.
The wretched star is lightly damaged.
The wretched star glows turbulently.
The orb of energy hits you!
* * * LOW HITPOINT WARNING * * *
The orb of energy explodes!
You closely miss the wretched star.
The wretched star is lightly damaged.
The wretched star glows turbulently.
The orb of energy hits you!
You die...

#.....## ##
#.....##.## #
........#
.....#...### ##
...#..#..#
#...##..#..#
#.⌠........#
.......#..⌠.##
.#.......@...##
....⌠.'..*.⌠.#
#.....#.....##
#.#....##.⌠.##
#.....# ###.#
##... ##. ...#
.. ..# ##


You could see a wretched star.

Vanquished Creatures
  Harold (D:11)
  A hydra (Lair:1)
  2 ice dragons (IceCv)
  4 two-headed ogres
  Erica (D:9)
  Pikel (D:4)
  An oklob plant (D:11)
  A manticore (D:11)
  2 cyclopes (D:11)
  A spiny frog (Lair:1)
  2 ice statues (IceCv)
  2 rime drakes (IceCv)
  Grinder (D:5)
  Sigmund (D:3)
  10 yaks
  A steam dragon (D:9)
  2 wargs (D:10)
  Menkaure (D:6)
  2 acid dragons
  4 water moccasins
  18 ice beasts
  4 porcupines (Lair:1)
  2 phantoms
  2 slaves (D:4)
  A black bear (D:10)
  A sky beast (D:7)
  A necrophage (D:8)
  An eye of draining (D:9)
  4 ogres
  2 orc warriors
  3 centaurs
  3 crocodiles
  Blork the orc (D:5)
  An elf zombie (D:5)
  8 bullfrogs
  A big kobold (D:9)
  A wyvern zombie (Ossuary)
  2 elf skeletons (D:5)
  2 scorpions (D:10)
  A water moccasin skeleton (D:8)
  10 killer bees
  7 wights
  3 howler monkeys
  A crimson imp (D:5)
  2 bullfrog zombies
  A jelly (D:3)
  2 centaur zombies (Ossuary)
  A bullfrog skeleton (D:9)
  An orc priest (D:5)
  3 hounds
  4 orc wizards
  2 human skeletons (D:5)
  Ijyb (D:3)
  4 iguanas
  4 worker ants
  3 hound zombies
  4 hound skeletons
  15 mummies (Ossuary)
  2 howler monkey zombies
  6 worker ant zombies
  4 gnolls (D:6)
  12 adders
  3 shadow imps
  An ooze (D:4)
  An adder skeleton (D:6)
  6 adder zombies
  5 worms
  3 dart slugs
  4 leopard geckos
  19 orcs
  4 giant cockroaches
  7 goblins
  10 hobgoblins
  6 jackals (D:2)
  12 kobolds
  4 quokkas
  A ball python (D:2)
  A ball python skeleton (D:5)
  11 bats
  5 frilled lizards
  2 leopard gecko zombies (Ossuary)
  An orc skeleton (D:5)
  9 rats
  5 plants (D:11)
312 creatures vanquished.

Vanquished Creatures (others)
  2 withered plants (Ossuary)
2 creatures vanquished.

Grand Total: 314 creatures vanquished

Notes
Turn   | Place    | Note
-------+----------+-------------------------------------------
     0 | D:1      | Monsterracer the Deep Dwarf Fighter began the quest for the Orb.
     0 | D:1      | Reached XP level 1. HP: 20/20 MP: 1/1
   199 | D:1      | Reached skill level 3 in Axes
   203 | D:1      | Reached XP level 2. HP: 24/27 MP: 2/2
   649 | D:2      | Reached XP level 3. HP: 21/33 MP: 3/3
   792 | D:2      | Reached skill level 4 in Axes
  1151 | D:2      | Found a hide-covered altar of Uskayaw.
  1152 | D:2      | Noticed a dagger
  1152 | D:2      | Noticed a dagger
  1300 | D:2      | Reached XP level 4. HP: 20/40 MP: 4/4
  1632 | D:3      | Noticed Sigmund
  1656 | D:3      | HP: 1/40 [something (5)]
  1659 | D:3      | Killed Sigmund
  1659 | D:3      | Reached skill level 6 in Axes
  1659 | D:3      | Reached XP level 5. HP: 6/46 MP: 5/5
  1855 | D:3      | Found a faded altar of an unknown god.
  1925 | D:3      | Found a white marble altar of Elyvilon.
  1931 | D:3      | Became a worshipper of Elyvilon the Healer
  1994 | D:3      | Noticed Ijyb
  2016 | D:3      | Killed Ijyb
  2016 | D:3      | Reached XP level 6. HP: 28/55 MP: 6/6
  2149 | D:3      | Reached skill level 7 in Axes
  2364 | D:3      | Reached skill level 1 in Invocations
  2525 | D:3      | Found a burning altar of Makhleb.
  2682 | D:4      | Reached * piety under Elyvilon
  2782 | D:4      | Reached skill level 1 in Dodging
  2782 | D:4      | Reached skill level 1 in Evocations
  2800 | D:4      | Found a sparkling altar of Nemelex Xobeh.
  2976 | D:4      | Found a hazy altar of Hepliaklqana.
  3089 | D:4      | Reached ** piety under Elyvilon
  3424 | D:4      | Found Wuoxuvu's Antique Armour Shoppe.
  3431 | D:4      | Bought a pair of glowing gloves for 202 gold pieces
  3497 | D:5      | Entered Level 5 of the Dungeon
  3497 | D:5      | Noticed Pikel
  3497 | D:5      | Noticed a slave
  3497 | D:5      | Noticed a slave
  3500 | D:5      | Noticed a slave
  3501 | D:5      | Noticed a slave
  3507 | D:4      | Reached XP level 7. HP: 36/61 MP: 8/8
  3750 | D:4      | Killed Pikel
  3750 | D:4      | Reached skill level 8 in Axes
  3797 | D:5      | Found a staircase to the Ecumenical Temple.
  3805 | D:5      | Learned a level 2 spell: Blink
  3820 | D:5      | Found a deep blue altar of Sif Muna.
  3830 | D:5      | Reached XP level 8. HP: 45/69 MP: 10/10
  4063 | D:5      | Found a sand-covered staircase.
  4077 | Ossuary  | Entered an ossuary
  4230 | Ossuary  | Reached skill level 5 in Armour
  4333 | Ossuary  | Reached skill level 9 in Axes
  4502 | D:5      | Reached skill level 5 in Invocations
  4805 | D:5      | Found a basalt altar of Yredelemnul.
  4807 | D:5      | Reached *** piety under Elyvilon
  4952 | D:5      | Noticed Grinder
  4967 | D:5      | Paralysed by Grinder for 3 turns
  4976 | D:5      | Killed Grinder
  4976 | D:5      | Gained mutation: You passively map the area around you. [Deep Dwarf growth]
  4976 | D:5      | Reached XP level 9. HP: 41/78 MP: 11/13
  5059 | D:5      | Noticed Blork the orc
  5074 | D:5      | Killed Blork the orc
  5488 | D:6      | Gained mutation: Your magical capacity is low. (-10% MP) [potion of mutation]
  5488 | D:6      | Gained mutation: Your spells are a little harder to cast, but a little more powerful. [potion of mutation]
  5524 | D:6      | Noticed Menkaure
  5529 | D:6      | Killed Menkaure
  6183 | D:7      | Reached skill level 10 in Axes
  6310 | D:7      | Reached **** piety under Elyvilon
  6752 | D:7      | Got an encrusted hand axe
  6753 | D:7      | Identified the +1 hand axe of Animal Spirits {holy, *Slow Int+5} (You found it on level 7 of the Dungeon)
  6938 | D:8      | Found an opulent altar of Gozag.
  6954 | D:8      | Reached skill level 5 in Dodging
  6969 | D:8      | Reached skill level 5 in Fighting
  6991 | D:8      | Found a sparkling altar of Nemelex Xobeh.
  7012 | D:8      | Reached skill level 5 in Evocations
  7046 | D:8      | Found a deep blue altar of Sif Muna.
  7164 | D:8      | Reached XP level 10. HP: 78/88 MP: 13/13
  7367 | D:8      | Found a bloodstained altar of Trog.
  7415 | D:8      | Found a sacrificial altar of Ru.
  7417 | D:8      | Found a snail-covered altar of Cheibriados.
  7484 | D:8      | Got a pitted hunting sling
  7485 | D:8      | Identified the +4 hunting sling "Unoedd" {venom, MP+9} (You found it on level 8 of the Dungeon)
  8011 | D:4      | Bought a steaming leather armour for 189 gold pieces
  8021 | D:4      | Identified the +2 leather armour of Least Resistance {MR+} (You bought it in a shop on level 4 of the Dungeon)
  8182 | D:8      | Noticed a two-headed ogre
  8190 | D:8      | Killed a two-headed ogre
  8190 | D:8      | Reached skill level 1 in Slings
  8190 | D:8      | Reached skill level 1 in Translocations
  8405 | D:9      | Reached skill level 11 in Axes
  8492 | D:9      | Noticed Erica
  8517 | D:9      | Killed Erica
  8620 | D:9      | Found a glowing silver altar of Zin.
  8827 | D:9      | Noticed a two-headed ogre
  8837 | D:9      | Killed a two-headed ogre
  9032 | D:10     | Entered Level 10 of the Dungeon
  9156 | D:10     | Reached ***** piety under Elyvilon
  9297 | D:10     | Found a staircase to the Orcish Mines.
  9388 | D:10     | Reached XP level 11. HP: 84/97 MP: 15/15
  9905 | D:11     | Noticed a two-headed ogre
  9916 | D:11     | Killed a two-headed ogre
 10063 | D:11     | Noticed a two-headed ogre
 10074 | D:11     | Noticed Harold
 10075 | D:11     | Killed a two-headed ogre
 10090 | D:11     | Killed Harold
 10090 | D:11     | Reached skill level 12 in Axes
 10168 | D:11     | Found a staircase to the Lair.
 10179 | D:11     | HP: 4/99 [cyclops (11)]
 10194 | D:11     | Noticed an oklob plant
 10244 | D:11     | Killed an oklob plant
 10290 | Lair:1   | Entered Level 1 of the Lair of Beasts
 10312 | Lair:1   | Found a frozen archway.
 10338 | IceCv    | Entered an ice cave
 10626 | IceCv    | Reached XP level 12. HP: 96/109 MP: 16/16
 10645 | IceCv    | Noticed an ice dragon
 10659 | IceCv    | Noticed an ice dragon
 10671 | IceCv    | Killed an ice dragon
 10682 | IceCv    | Killed an ice dragon
 10682 | IceCv    | Reached skill level 5 in Slings
 10971 | Lair:1   | Noticed a seven-headed hydra
 10983 | Lair:1   | Killed a one-headed hydra
 11726 | Lair:2   | Noticed a six-headed hydra
 11727 | Lair:2   | Noticed Sonja
 11734 | Lair:2   | Cast into level 1 of the Abyss (Sonja)
 11745 | Abyss:1  | Killed from afar by a wretched star

Skill      XL: |  1  2  3  4  5  6  7  8  9 10 11 12 |
---------------+-------------------------------------+-----
Axes           | 3 4 6 7 8 9 10 11 12 | 12.9
Invocations    | 2 3 5 6 7 9 |  9.5
Dodging        | 1 2 4 5 6 7 8 |  8.4
Evocations     | 1 3 5 |  5.0
Fighting       | 3 4 5 6 7 |  7.3
Armour         | 4 5 6 7 8 |  8.8
Shields        | 4 |  4.0
Slings         | 2 4 5 |  5.3
Translocations | 2 4 |  4.1

Action                   |  1- 3 |  4- 6 |  7- 9 | 10-12 || total
-------------------------+-------+-------+-------+-------++-------
Melee: War axe           |   138 |   150 |   489 |   200 ||   977
       Battleaxe         |       |       |       |   297 ||   297
       Scimitar          |       |       |       |     7 ||     7
 Fire: Hunting sling     |       |       |       |    36 ||    36
Invok: Lesser Healing    |       |     2 |    34 |    88 ||   124
       Greater Healing   |       |       |       |     4 ||     4
 Abil: Heal Wounds       |       |     1 |       |       ||     1
Evoke: Wand              |       |     1 |     2 |     3 ||     6
  Use: Potion            |     3 |     6 |     5 |     7 ||    21
       Scroll            |       |     7 |    10 |     6 ||    23
 Stab: Invisible         |       |       |     2 |       ||     2
       Distracted        |       |       |       |     1 ||     1
  Eat: Chunk             |     1 |     7 |     8 |    26 ||    42
       Meat ration       |       |       |     2 |       ||     2
       Fruit             |       |       |       |     3 ||     3
       Royal jelly       |       |       |       |     1 ||     1
Armor: Scale mail        |    60 |    66 |   134 |    13 ||   273
       Skin              |       |       |     1 |       ||     1
       Leather armour    |       |       |       |    47 ||    47
       Acid dragon scale |       |       |       |    71 ||    71
Dodge: Dodged            |    33 |    63 |   249 |   427 ||   772
Block: Shield            |    60 |    25 |       |       ||    85
       Buckler           |       |    18 |   119 |    36 ||   173
       Rpst.: Scimitar   |       |       |       |     1 ||     1
